 Dungeon Crawl Stone Soup version 0.20.1-1-g8b1a95d66d (webtiles) character file.

391612 Ivernyr the Merry Centaur (level 22, -52/203 HPs)
             Began as a Centaur Hunter on Dec 9, 2017.
             Was the Champion of Okawaru.
             Killed from afar by an ancient lich (63 damage)
             ... with a crystal spear
             ... on level 5 of the Vaults on Dec 10, 2017.
             The game lasted 04:52:14 (68813 turns).

Ivernyr the Merry Centaur (Centaur Hunter)         Turns: 68813, Time: 04:52:15

Health: -52/203    AC: 49    Str: 17    XL:     22   Next: 10%
Magic:  38/38      EV:  2    Int: 22    God:    Okawaru [******]
Gold:   3240       SH:  3    Dex: 11    Spells: 14/21 levels left

rFire    + + +     SeeInvis +     - Unarmed
rCold    + + .     Gourm    .   (no shield)
rNeg     . . .     Faith    .   D - +6 plate armour of Going Fast {rElec MR+ Regen+}
rPois    +         Spirit   .   I - +2 hat {SInv}
rElec    +         Reflect  +   i - scarf {rC+ rF+}
rCorr    +         Harm     .   Q - +2 pair of gloves {archery}
MR       ++...     Clarity  +   Y - +4 centaur barding {Fly}
Stlth    ..........             S - amulet of Salvation {Reflect MP+9 Int+5 SH+3}
Regen    0.9/turn               Z - ring of Robustness {AC+8}
MPRegen  0.3/turn               C - +6 ring of protection

@: resistant, corroded, flying, heavily drained, very quick
A: antennae 1, hooves 3, slimy green scales 1, clarity, deformed body, fire
resistance 1, speed 2, tough skin 3
}: 2/15 runes: barnacled, gossamer
a: Heroism, Finesse, Renounce Religion, Stop Flying


You were on level 5 of the Vaults.
You worshipped Okawaru.
Okawaru was exalted by your worship.
You were not hungry.

You visited 7 branches of the dungeon, and saw 38 of its levels.
You also visited: Labyrinth and Bailey.

You collected 3941 gold pieces.
You spent 701 gold pieces at shops.

Inventory:

Hand Weapons
 a - the +1 longbow "Luni" {flame, Str+4}
   (You acquired it on level 2 of the Spider Nest)

   It causes projectiles fired from it to burn those they strike, causing extra
   injury to most foes and up to half again as much damage against particularly
   susceptible opponents.
   It affects your strength (+4).
Missiles
 d - 942 arrows
Armour
 i - a scarf of resistance (worn)
 u - a scarf of cloud immunity
 w - a scarf of spirit shield
 D - the +6 plate armour of Going Fast (worn) {rElec MR+ Regen+}
   (Okawaru gifted it to you on level 14 of the Dungeon)

   It insulates you from electricity.
   It affects your resistance to hostile enchantments.
   It increases your rate of regeneration.
 I - a +2 hat of see invisible (worn)
 Q - a +2 pair of gloves of archery (worn)
 Y - a +4 centaur barding of flying (worn)
Jewellery
 x - an uncursed ring of protection from cold
 y - an uncursed ring of poison resistance
 C - a +6 ring of protection (right hand)
 S - the amulet of Salvation (around neck) {Reflect MP+9 Int+5 SH+3}
   (You found it on level 2 of the Lair of Beasts)

   [amulet of reflection]

   It shields you and reflects attacks.
   It affects your intelligence (+5).
   It affects your magic capacity (+9).
   It affects your SH (+3).
 Z - the ring of Robustness (left hand) {AC+8}
   (You found it on level 12 of the Dungeon)

   [ring of protection]

   It affects your AC (+8).
Wands
 e - a wand of lightning (4/15)
 A - a wand of disintegration (13/24)
 O - a wand of iceblast (9/15)
Scrolls
 g - 5 scrolls of fog
 k - 18 scrolls of teleportation
 m - 2 scrolls of enchant armour
 n - a scroll of magic mapping
 o - 5 scrolls of recharging
 q - 20 scrolls of remove curse
 z - 4 scrolls of torment
 B - a scroll of vulnerability
 E - 9 scrolls of enchant weapon
 H - 7 scrolls of identify
 J - 3 scrolls of amnesia
 T - 2 scrolls of brand weapon
Potions
 h - 3 potions of ambrosia
 j - 2 potions of flight
 l - 2 potions of berserk rage
 p - 6 potions of brilliance
 r - a potion of resistance
 s - 11 potions of curing
 t - a potion of heal wounds
 v - 10 potions of might
 G - a potion of magic {unknown}
 M - 4 potions of agility
 N - a potion of invisibility
 U - 5 potions of haste
Books
 F - a book of Power

   Spells                             Type                      Level
   a - Iskenderun's Battlesphere      Conjuration/Charms           5
   b - Venom Bolt                     Conjuration/Poison           5
   c - Bolt of Magma                  Conjuration/Fire/Earth       5
   d - Iron Shot                      Conjuration/Earth            6
   e - Orb of Destruction             Conjuration                  7
   f - Spellforged Servitor           Conjuration/Summoning        7
 L - a book of Changes

   Spells                             Type                      Level
   a - Beastly Appendage              Transmutation                1
   b - Sticks to Snakes               Transmutation                2
   c - Spider Form                    Transmutation/Poison         3
   d - Ice Form                       Ice/Transmutation            4
   e - Blade Hands                    Transmutation                5
Comestibles
 b - 21 meat rations
 f - 21 bread rations
 K - 10 royal jellies
 P - 7 chunks of flesh
 R - 20 fruits


   Skills:
 + Level 18.3(16.2) Fighting
 O Level 27(24.4) Bows
 * Level 16.9(14.8) Armour
 - Level 1.3(0.0) Dodging
 - Level 0.4(0.0) Stealth
 + Level 18.4(16.2) Unarmed Combat
 - Level 10.0(8.2) Invocations


You had 14 spell levels left.
You knew the following spells:

 Your Spells              Type           Power        Failure   Level  Hunger
a - Song of Slaying       Chrm           #.......     99%         2    ###....
b - Blade Hands           Tmut           #.........   100%        5    ######.


Dungeon Overview and Level Annotations

Branches:
Dungeon (15/15)            Temple (0/1) D:4            Lair (6/6) D:9
 Shoals (4/4) Lair:3       Spider (4/4) Lair:2        Slime (0/5) Lair:5
    Orc (2/2) D:9             Elf (2/3) Orc:2        Vaults (5/5) D:13
  Crypt (0/3) Vaults:3     Depths (0/5) D:15

Altars:
Cheibriados
Dithmenos
Hepliaklqana
Kikubaaqudgha
Okawaru
Xom
Yredelemnul
Jiyva

Shops:
D:10 *!   Orc:2 *?([(   Elf:1 ?[}}[   Elf:2 (*}   Shoals:1 *   Shoals:3 [[(
Vaults:2 [   Vaults:3 ([

Annotations:
Lair:2 exclusion: oklob plant


Innate Abilities, Weirdness & Mutations

You have hooves in place of feet.
Armour fits poorly on your strangely shaped body.
You cover ground very quickly.
You have extremely tough skin. (AC +3)
You have a pair of small antennae on your head.
You are partially covered in slimy green scales. (AC +2)
You possess an exceptional clarity of mind.
Your flesh is heat resistant. (rF+)


Message History

You hit the ancient lich but do no damage.
The ancient lich is severely damaged.
The ancient lich touches you but does no damage.
You feel much better. The ancient lich touches you.
You feel drained.
The ancient lich touches you but does no damage.
You hit the ancient lich.
You kick the ancient lich, but do no damage.
You punch the ancient lich, but do no damage.
The ancient lich is severely damaged.
The ancient lich touches you but does no damage.
You completely miss the ancient lich.
The ancient lich is severely damaged.
The ancient lich points at you and mumbles some strange words.
The crystal spear hits you!
* * * LOW HITPOINT WARNING * * *
As you read the scroll of summoning, it crumbles to dust.
Wisps of shadow whirl around you...
The ancient lich gestures at you while chanting.
The crystal spear hits you!
You die...

. .. ... ....
####################.D(..
.......DccpC.......((....
.......cc@Lc.[((()(((....
#########################


You could see an ancient lich, a friendly fire dragon, a friendly vault warden,
a friendly ettin and 5 friendly yaktaurs.

Vanquished Creatures
  The ghost of qepasa the Bewitcher, an adept FoEn of Sif Muna (Vaults:1)
  Asterion (Elf:2)
  A lich (Vaults:4)
  Gastronok (D:9)
  A kraken (Shoals:2)
  Frances (D:13)
  A sphinx (shapeshifter) (Vaults:5)
  Polyphemus (Shoals:2)
  Agnes (Elf:2)
  A storm dragon (Vaults:5)
  2 shadow dragons
  Donald (Spider:3)
  A deep elf sorcerer (Vaults:1)
  A fire giant (Vaults:4)
  Ilsuiw (Shoals:4)
  2 frost giants (Vaults:4)
  5 ghost moths
  Louise (Shoals:2)
  Aizul (Elf:1)
  The ghost of qepasa the Bewitcher, a journeyman FoEn of Sif Muna (D:15)
  2 emperor scorpions (Spider:4)
  7 stone giants
  10 vault wardens
  A war gargoyle (Vaults:5)
  22 ironheart preservers
  5 entropy weavers
  15 very ugly things
  Nessos (D:12)
  3 spark wasps (Spider:4)
  8 merfolk javelineers
  3 ettins
  The ghost of Necrophagist the Archer, a journeyman CeWr of Okawaru (Orc:2)
  The ghost of Ortega the Fighter, a journeyman OpTm (Lair:2)
  Josephine (D:13)
  8 yaktaur captains
  2 deep elf death magi (Elf:1)
  A minotaur (Lab)
  12 merfolk impalers
  3 fire dragons
  10 ogre magi
  4 ice dragons
  4 great orbs of eyes
  2 rakshasas
  Harold (D:10)
  26 vault guards
  9 hydras
  3 merfolk aquamancers
  4 merfolk avatars
  8 centaur warriors
  An alligator snapping turtle (Shoals:2)
  A catoblepas (Shoals:2)
  3 death knights
  The ghost of tehanu the Carver, a novice MiBe of Trog (D:9)
  The ghost of chromat the Grappler, a novice TrMo (Lair:1)
  3 satyrs
  37 two-headed ogres
  An alligator (shapeshifter) (Vaults:4)
  3 deep troll earth magi (Vaults:3)
  2 deep troll shamans (Vaults:4)
  22 dancing weapons
  6 death yaks
  Urug (D:11)
  2 orc high priests
  20 deep elf knights
  15 skeletal warriors
  4 shadow wraiths
  A small abomination (Elf:1)
  12 sea snakes
  A kraken simulacrum (Shoals:4)
  3 unseen horrors
  25 deep trolls
  A glowing orange brain (Vaults:1)
  14 deep elf archers
  4 wizards
  16 orc knights
  10 ironbrand convokers
  22 orb spiders
  24 harpies
  62 deep elf magi
  21 ugly things
  A necromancer (Vaults:3)
  30 wolf spiders
  A sphinx skeleton (Vaults:3)
  8 cyclopes
  13 manticores
  6 orc sorcerers
  2 moths of wrath
  A salamander (shapeshifter) (D:12)
  8 merfolk sirens
  16 fauns
  7 water nymphs
  5 elephants
  13 vault sentinels
  6 black mambas
  An ice statue (Lair:2)
  A gargoyle (D:15)
  A water nymph (shapeshifter) (Vaults:4)
  11 demonic crawlers
  12 spiny frogs
  A rime drake (Lair:6)
  6 freezing wraiths
  6 komodo dragons
  2 yaktaur zombies (Vaults:3)
  25 yaktaurs
  6 trolls
  33 jumping spiders
  A meliai (D:13)
  12 hornets
  7 wind drakes
  A raiju (shapeshifter) (Vaults:4)
  9 polar bears
  19 blink frogs
  38 merfolk
  Prince Ribbit (D:5)
  21 slime creatures
  An ettin zombie (Vaults:3)
  7 dream sheep (Lair:6)
  A stone giant simulacrum (Vaults:1)
  6 snapping turtles
  13 hippogriffs
  2 shadows
  Sigmund (D:5)
  5 air elementals
  A hog (Vaults:2)
  19 tarantellas
  A spriggan (shapeshifter) (Vaults:1)
  10 wraiths
  58 redbacks
  13 spriggans
  13 water elementals
  A human (D:10)
  4 wyverns
  A fire bat (shapeshifter) (Elf:1)
  39 yaks
  3 fire elementals (Elf:2)
  6 hungry ghosts
  A golden eye (shapeshifter) (Elf:1)
  3 basilisks
  4 wargs
  2 insubstantial wisps (Vaults:2)
  A soldier ant (D:11)
  9 swamp worms (Spider:1)
  4 acid dragons
  A floating eye (shapeshifter) (Vaults:2)
  15 water moccasins
  24 ice beasts
  11 porcupines
  62 orc warriors
  5 phantoms
  2 sky beasts
  6 black bears
  A necrophage (D:5)
  10 boggarts
  26 centaurs
  26 ogres
  20 wolves
  14 crocodiles
  2 big kobolds
  A gnoll sergeant (Orc:1)
  22 bullfrogs
  A glowing shapeshifter simulacrum (Vaults:2)
  9 earth elementals
  A wyvern zombie (D:6)
  2 wyvern skeletons
  A hornet simulacrum (D:15)
  7 scorpions
  A human simulacrum (Vaults:3)
  6 killer bees
  9 wights
  A vampire bat (Vaults:2)
  3 howler monkeys (D:8)
  9 crimson imps
  A bullfrog zombie (D:6)
  5 jellies
  4 quasits
  A yaktaur simulacrum (Vaults:1)
  4 centaur zombies
  10 hounds
  14 orc wizards
  15 orc priests
  Crazy Yiuf (D:7)
  6 bullfrog skeletons
  5 centaur skeletons
  Ijyb (D:4)
  5 iguanas
  8 worker ants
  2 hound skeletons
  5 worker ant zombies
  18 adders
  14 gnolls
  6 shadow imps
  A white imp (Lair:2)
  2 oozes
  12 worms
  2 adder skeletons
  2 dart slugs
  4 leopard geckos
  123 orcs
  A ball python (D:4)
  5 giant cockroaches
  14 goblins
  9 hobgoblins
  13 jackals
  6 quokkas
  6 bats
  4 frilled lizards
  14 kobolds
  A quokka skeleton (D:8)
  7 rats
  A fungus (Elf:1)
  5 plants
  3 tentacles
1760 creatures vanquished.

Vanquished Creatures (others)
  A deep elf high priest (Elf:1)
  A shadow wraith (Vaults:4)
  A faun (Shoals:1)
  A yaktaur (Vaults:2)
  A porcupine (Vaults:2)
  A wight (D:14)
  53 fungi
  38 plants
  22 tentacles
119 creatures vanquished.

Grand Total: 1879 creatures vanquished

Notes
Turn   | Place    | Note
-------+----------+-------------------------------------------
     0 | D:1      | Ivernyr the Centaur Hunter began the quest for the Orb.
     0 | D:1      | Reached XP level 1. HP: 17/17 MP: 1/1
   523 | D:1      | Reached XP level 2. HP: 9/25 MP: 2/2
  1737 | D:2      | Reached skill level 6 in Bows
  1737 | D:2      | Reached skill level 1 in Unarmed Combat
  1737 | D:2      | Reached XP level 3. HP: 26/30 MP: 3/3
  2623 | D:2      | Reached XP level 4. HP: 37/37 MP: 4/4
  2880 | D:3      | Found an iron altar of Okawaru.
  2888 | D:3      | Became a worshipper of Warmaster Okawaru
  3646 | D:3      | Found a shimmering altar of Xom.
  4012 | D:4      | Reached skill level 7 in Bows
  4012 | D:4      | Reached skill level 1 in Invocations
  4012 | D:4      | Reached XP level 5. HP: 44/45 MP: 5/5
  4208 | D:4      | Reached * piety under Okawaru
  4420 | D:4      | Reached XP level 6. HP: 49/51 MP: 7/7
  4842 | D:4      | Found a hazy altar of Hepliaklqana.
  4853 | D:4      | Found a staircase to the Ecumenical Temple.
  4895 | D:4      | HP: 2/52 [orc/tomahawk (4)]
  5199 | D:4      | Found a snail-covered altar of Cheibriados.
  5351 | D:4      | Reached skill level 8 in Bows
  5856 | D:4      | Noticed Ijyb
  5927 | D:4      | Killed Ijyb
  5968 | D:4      | Reached XP level 7. HP: 49/59 MP: 8/8
  6298 | D:5      | Entered Level 5 of the Dungeon
  6424 | D:5      | Noticed Sigmund
  6438 | D:5      | Killed Sigmund
  6438 | D:5      | Reached ** piety under Okawaru
  6438 | D:5      | Reached skill level 9 in Bows
  6872 | D:5      | Reached XP level 8. HP: 53/67 MP: 10/10
  7125 | D:5      | You fall through a shaft for 3 floors!
  7189 | D:8      | Found a basalt altar of Yredelemnul.
  7210 | D:8      | Reached skill level 5 in Fighting
  7678 | D:8      | Reached skill level 10 in Bows
  8593 | D:8      | Reached skill level 5 in Unarmed Combat
  8687 | D:8      | Reached skill level 5 in Invocations
  8706 | D:8      | Reached skill level 11 in Bows
  8706 | D:8      | Reached XP level 9. HP: 54/75 MP: 12/12
  8743 | D:8      | Reached *** piety under Okawaru
  9359 | D:5      | Noticed Prince Ribbit
  9393 | D:5      | Killed Prince Ribbit
 10255 | D:5      | Received a gift from Okawaru
 10654 | D:6      | Reached skill level 12 in Bows
 11593 | D:7      | Reached **** piety under Okawaru
 12792 | D:7      | Found a runed door.
 12797 | D:7      | Noticed Crazy Yiuf
 12805 | D:7      | Killed Crazy Yiuf
 12880 | D:7      | Reached XP level 10. HP: 84/84 MP: 14/14
 13730 | D:8      | Found an ancient bone altar of Kikubaaqudgha.
 13907 | D:8      | Reached skill level 13 in Bows
 14289 | D:9      | Found a staircase to the Orcish Mines.
 14320 | D:9      | Found a shadowy altar of Dithmenos.
 14320 | D:9      | Noticed Gastronok
 14374 | D:9      | Killed Gastronok
 14740 | D:9      | Reached ***** piety under Okawaru
 14858 | D:9      | Reached skill level 14 in Bows
 14978 | D:9      | Noticed tehanu's ghost (novice MiBe)
 15204 | D:9      | Killed tehanu's ghost
 15306 | D:9      | Reached XP level 11. HP: 94/94 MP: 16/16
 16187 | D:9      | Found a staircase to the Lair.
 16336 | Lair:1   | Entered Level 1 of the Lair of Beasts
 16449 | Lair:1   | Noticed a six-headed hydra
 16487 | Lair:1   | Killed a six-headed hydra
 16487 | Lair:1   | Received a gift from Okawaru
 17185 | Lair:1   | Reached skill level 15 in Bows
 17197 | Lair:1   | Noticed chromat's ghost (novice TrMo)
 17297 | Lair:1   | Killed chromat's ghost
 17297 | Lair:1   | Received a gift from Okawaru
 17946 | Lair:1   | Received a gift from Okawaru
 18054 | Lair:2   | Noticed Ortega's ghost (journeyman OpTm)
 18239 | Lair:2   | Found a labyrinth entrance.
 18248 | Lab      | Entered a labyrinth
 18409 | Lab      | Noticed a minotaur
 18423 | Lab      | Killed a minotaur
 18493 | Lair:2   | Noticed an ice dragon
 18612 | Lair:2   | Noticed an oklob plant
 18782 | Lair:1   | Received a gift from Okawaru
 19047 | Lair:2   | Learned a level 2 spell: Song of Slaying
 19403 | Lair:2   | Received a gift from Okawaru
 19403 | Lair:2   | Reached skill level 16 in Bows
 19662 | Lair:2   | Killed Ortega's ghost
 19662 | Lair:2   | Received a gift from Okawaru
 19662 | Lair:2   | Reached XP level 12. HP: 84/105 MP: 12/19
 19934 | Lair:2   | Got a crude lead amulet
 19946 | Lair:2   | Identified the amulet of Salvation {Reflect MP+9 Int+5 SH+3} (You found it on level 2 of the Lair of Beasts)
 20111 | Lair:2   | Noticed a six-headed hydra
 20138 | Lair:2   | Killed a six-headed hydra
 20203 | Lair:2   | Received a gift from Okawaru
 20361 | Lair:2   | Found a hole to the Spider Nest.
 20511 | Lair:2   | Killed an ice dragon
 20859 | Lair:3   | Received a gift from Okawaru
 21006 | Lair:3   | Noticed a five-headed hydra
 21011 | Lair:3   | Found a staircase to the Shoals.
 21018 | Lair:3   | Killed a five-headed hydra
 21111 | Lair:3   | Reached skill level 10 in Invocations
 21379 | Lair:3   | Reached ****** piety under Okawaru
 21602 | Lair:3   | Reached skill level 17 in Bows
 21700 | Lair:3   | Received a gift from Okawaru
 21843 | Lair:3   | Reached skill level 10 in Fighting
 22377 | Lair:4   | Noticed a four-headed hydra
 22419 | Lair:4   | Killed a four-headed hydra
 22474 | Lair:4   | Received a gift from Okawaru
 23706 | Lair:5   | Received a gift from Okawaru
 24280 | Lair:4   | Reached skill level 10 in Unarmed Combat
 25105 | Lair:5   | Found a viscous altar of Jiyva.
 25105 | Lair:5   | Found a staircase to the Slime Pits.
 25349 | Lair:6   | Entered Level 6 of the Lair of Beasts
 25714 | Lair:5   | Noticed a four-headed hydra
 25730 | Lair:5   | Killed a four-headed hydra
 25730 | Lair:5   | Reached XP level 13. HP: 101/114 MP: 20/20
 25885 | Lair:6   | Reached skill level 18 in Bows
 26702 | Lair:6   | Received a gift from Okawaru
 27366 | Lair:6   | Got an ominously black robe
 27542 | Lair:5   | Identified the +2 robe of Zantaal {rElec} (You took it off a boggart on level 6 of the Lair of Beasts)
 28370 | Lair:6   | Got a brightly glowing robe
 28461 | Lair:6   | Identified the +1 robe of Democracy {*Slow rF+ rC+ rN++} (You took it off a spriggan on level 6 of the Lair of Beasts)
 28650 | Lair:5   | Received a gift from Okawaru
 29332 | Lair:6   | Got a dazzling ring mail
 29333 | Lair:6   | Identified the cursed +0 ring mail of Hopscotch {+Blink rCorr Dex+5} (You found it on level 6 of the Lair of Beasts)
 29352 | Lair:6   | Received a gift from Okawaru
 29352 | Lair:6   | Reached skill level 19 in Bows
 29416 | Lair:6   | Paralysed by a spriggan for 7 turns
 31000 | Lair:6   | Received a gift from Okawaru
 31470 | Lair:6   | Received a gift from Okawaru
 31492 | Lair:6   | Got a crude triple crossbow {god gift}
 31493 | Lair:6   | Identified the +12 triple crossbow "Weli" {velocity, SInv Stlth+} (Okawaru gifted it to you on level 6 of the Lair of Beasts)
 31587 | Lair:6   | Reached XP level 14. HP: 114/124 MP: 21/21
 31666 | Lair:6   | Reached skill level 20 in Bows
 32380 | D:10     | Entered Level 10 of the Dungeon
 32549 | D:10     | Received a gift from Okawaru
 32655 | D:10     | Got a bloodstained leather armour
 32666 | D:10     | Identified the cursed +0 leather armour of the Dwarven Hall {rCorr Dex+5} (You found it on level 10 of the Dungeon)
 32811 | D:10     | Found Iduklyjai's Distillery.
 32827 | D:10     | Bought a potion of mutation for 104 gold pieces
 32827 | D:10     | Bought a potion of heal wounds for 65 gold pieces
 32827 | D:10     | Bought a potion of heal wounds for 65 gold pieces
 32827 | D:10     | Bought a potion of curing for 39 gold pieces
 32827 | D:10     | Bought a potion of curing for 39 gold pieces
 32876 | D:10     | Found Tus Toank's Island Escapes.
 32973 | D:10     | Noticed Harold
 33027 | D:10     | Killed Harold
 33092 | D:10     | Paralysed by a hornet for 3 turns
 34158 | D:11     | Got a pitted chain mail
 34159 | D:11     | Identified the +4 chain mail of the Ditch-Digger {rC+ Str+2 Slay+2} (You found it on level 11 of the Dungeon)
 34536 | D:11     | Received a gift from Okawaru
 34553 | D:11     | Gained mutation: You have a pair of small horns on your head. [mutagenic meat]
 34554 | D:11     | Gained mutation: You are dopey. (Int -2) [mutagenic meat]
 34555 | D:11     | Lost mutation: You are dopey. (Int -2) [mutagenic meat]
 34556 | D:11     | Gained mutation: You do not regenerate when monsters are visible. [mutagenic meat]
 34557 | D:11     | Lost mutation: You have a pair of small horns on your head. [potion of mutation]
 34557 | D:11     | Gained mutation: Your system is resistant to poisons. (rPois) [potion of mutation]
 34557 | D:11     | Gained mutation: Your flesh is cold resistant. (rC+) [potion of mutation]
 34557 | D:11     | Gained mutation: You are occasionally teleported next to monsters. [potion of mutation]
 34557 | D:11     | Gained mutation: Your spells are a little harder to cast, but a little more powerful. [potion of mutation]
 34558 | D:11     | Lost mutation: Your spells are a little harder to cast, but a little more powerful. [potion of mutation]
 34558 | D:11     | Lost mutation: You do not regenerate when monsters are visible. [potion of mutation]
 34558 | D:11     | Lost mutation: Your system is resistant to poisons. (rPois) [potion of mutation]
 34558 | D:11     | Gained mutation: You are resistant to electric shocks. (rElec) [potion of mutation]
 34558 | D:11     | Gained mutation: You have a pair of small antennae on your head. [potion of mutation]
 34558 | D:11     | Gained mutation: You are partially covered in slimy green scales. (AC +2) [potion of mutation]
 34558 | D:11     | Gained mutation: Your flesh is heat resistant. (rF+) [potion of mutation]
 34741 | D:11     | Noticed Urug
 34754 | D:11     | Killed Urug
 35190 | D:11     | Received a gift from Okawaru
 35249 | D:12     | Reached skill level 1 in Armour
 35445 | D:12     | Reached skill level 21 in Bows
 35551 | D:12     | Found a shadowy altar of Dithmenos.
 35716 | D:12     | Noticed Nessos
 35725 | D:12     | Found a flagged portal.
 35735 | Bailey   | Entered a bailey
 36421 | D:12     | Killed Nessos
 36634 | D:13     | Noticed Frances
 37125 | D:13     | Found a gate to the Vaults.
 37591 | D:13     | Reached XP level 15. HP: 91/134 MP: 22/22
 37744 | D:13     | Killed Frances
 37934 | D:13     | Received a gift from Okawaru
 38273 | D:14     | Noticed Josephine
 38337 | D:13     | Killed Josephine
 38527 | D:14     | Received a gift from Okawaru
 38528 | D:14     | Got a dazzling plate armour {god gift}
 38577 | D:14     | Identified the +6 plate armour of Going Fast {rElec MR+ Regen+} (Okawaru gifted it to you on level 14 of the Dungeon)
 39010 | D:15     | Entered Level 15 of the Dungeon
 39018 | D:15     | Reached skill level 5 in Armour
 39096 | D:15     | Reached skill level 22 in Bows
 39944 | D:15     | Received a gift from Okawaru
 40022 | D:15     | Found a staircase to the Depths.
 40236 | D:15     | Noticed qepasa's ghost (journeyman FoEn)
 40249 | D:15     | Killed qepasa's ghost
 40497 | Orc:1    | Entered Level 1 of the Orcish Mines
 40802 | Orc:2    | Entered Level 2 of the Orcish Mines
 41120 | Orc:2    | Found Pojustar's Antique Weapon Shoppe.
 41262 | Orc:2    | Found a staircase to the Elven Halls.
 41286 | Orc:2    | Noticed Necrophagist's ghost (journeyman CeWr)
 41294 | Orc:2    | Killed Necrophagist's ghost
 41422 | Orc:2    | Found Liditet's Weapon Shoppe.
 41422 | Orc:2    | Found Nykoz's Magic Scroll Shop.
 41425 | Orc:2    | Found Raf Tepp's Assorted Antiques.
 41427 | Orc:2    | Found Byruge Noeh's Antique Armour Emporium.
 41436 | Orc:2    | Bought a scroll of teleportation for 48 gold pieces
 41436 | Orc:2    | Bought a scroll of teleportation for 48 gold pieces
 41443 | Orc:2    | Bought a runed scarf for 248 gold pieces
 42034 | Elf:1    | Entered Level 1 of the Elven Halls
 42071 | Elf:1    | Reached XP level 16. HP: 128/144 MP: 23/23
 42339 | Elf:1    | Reached skill level 23 in Bows
 42528 | Elf:1    | Found Kicoqoed's Armour Shoppe.
 42579 | Elf:1    | Received a gift from Okawaru
 42804 | Elf:1    | You are sucked into a shaft!
 42867 | Elf:2    | Noticed Asterion
 42877 | Elf:2    | Noticed Aizul
 42906 | Elf:2    | Received a gift from Okawaru
 43228 | Elf:1    | Found Feenup's Gadget Boutique.
 43300 | Elf:1    | Found Fibry's Gadget Boutique.
 43303 | Elf:1    | Found Goshruf's Armour Boutique.
 43304 | Elf:1    | Found Xiatril's Magic Scroll Boutique.
 43314 | Elf:1    | Bought a scroll of teleportation for 45 gold pieces
 43335 | Elf:1    | Gained mutation: You are robust. (+10% HP) [mutagenic meat]
 43336 | Elf:1    | Gained mutation: You possess an exceptional clarity of mind. [mutagenic meat]
 44009 | Elf:1    | Killed Aizul
 44309 | Elf:2    | Found Qemnoise's Gadget Shop.
 44325 | Elf:2    | Found Tamorako's Assorted Antiques.
 44386 | Elf:2    | Noticed Agnes
 44397 | Elf:2    | Killed Agnes
 44425 | Elf:2    | Received a gift from Okawaru
 44699 | Elf:2    | Found a runed gate.
 44699 | Elf:2    | Found a runed gate.
 44704 | Elf:2    | Found a runed gate.
 44747 | Elf:2    | Found Tozussot's Antique Weapon Boutique.
 44751 | Elf:2    | Reached skill level 24 in Bows
 44978 | Elf:2    | Reached XP level 17. HP: 146/167 MP: 24/24
 45025 | Elf:2    | Killed Asterion
 45796 | Spider:1 | Entered Level 1 of the Spider Nest
 46418 | Spider:2 | Identified a scroll of acquirement
 46420 | Spider:2 | Got a dazzling longbow
 46421 | Spider:2 | Identified the +1 longbow "Luni" {flame, Str+4} (You acquired it on level 2 of the Spider Nest)
 46468 | Spider:2 | Received a gift from Okawaru
 46472 | Spider:2 | Got a pair of distressingly furry gloves {god gift}
 46555 | Spider:2 | Identified the +1 pair of gloves "Kyocepla" {*Contam rF++ Int+5} (Okawaru gifted it to you on level 2 of the Spider Nest)
 46636 | Spider:2 | Gained mutation: Your body sometimes deteriorates upon taking damage. [mutagenic glow]
 47459 | Spider:2 | Reached skill level 10 in Armour
 47984 | Spider:3 | Noticed Donald
 48152 | Spider:3 | Killed Donald
 49030 | Spider:4 | Entered Level 4 of the Spider Nest
 49318 | Spider:4 | Received a gift from Okawaru
 49427 | Spider:4 | Reached skill level 25 in Bows
 49978 | Spider:4 | Received a gift from Okawaru
 50218 | Spider:4 | Received a gift from Okawaru
 50466 | Spider:4 | Reached XP level 18. HP: 178/178 MP: 4/25
 50850 | Spider:4 | Reached skill level 15 in Fighting
 51247 | Spider:4 | Reached skill level 15 in Unarmed Combat
 51253 | Spider:4 | Got a gossamer rune of Zot
 51524 | Shoals:1 | Entered Level 1 of the Shoals
 52669 | Shoals:1 | Found Nowumaf's Needful Niceties.
 53187 | Shoals:2 | Received a gift from Okawaru
 53390 | Shoals:2 | Noticed Louise
 53434 | Shoals:2 | Killed Louise
 53606 | Shoals:2 | Noticed Polyphemus
 53621 | Shoals:2 | Killed Polyphemus
 53621 | Shoals:2 | Received a gift from Okawaru
 53713 | Shoals:2 | Reached skill level 26 in Bows
 54478 | Shoals:3 | Found Nuadal's Armour Shoppe.
 54573 | Shoals:3 | Found Lyzxit's Antique Armour Shop.
 54773 | Shoals:3 | Found Qinla's Weapon Boutique.
 55157 | Shoals:4 | Entered Level 4 of the Shoals
 55685 | Shoals:4 | Reached XP level 19. HP: 105/189 MP: 26/26
 56203 | Shoals:4 | Received a gift from Okawaru
 56632 | Shoals:4 | Got a barnacled rune of Zot
 56866 | Shoals:4 | Noticed Ilsuiw
 56894 | Shoals:4 | Killed Ilsuiw
 58065 | Vaults:1 | Entered Level 1 of the Vaults
 58665 | Vaults:1 | Reached skill level 27 in Bows
 58802 | Vaults:1 | Received a gift from Okawaru
 59128 | Vaults:1 | Received a gift from Okawaru
 59293 | Vaults:1 | Received a gift from Okawaru
 59391 | Vaults:1 | Reached XP level 20. HP: 193/200 MP: 27/27
 60180 | Vaults:1 | Noticed qepasa's ghost (adept FoEn)
 60225 | Vaults:1 | Killed qepasa's ghost
 60984 | Vaults:2 | Received a gift from Okawaru
 61207 | Vaults:2 | Found Ferezat's Antique Armour Shoppe.
 61915 | Vaults:2 | Reached skill level 15 in Armour
 62824 | Vaults:2 | Received a gift from Okawaru
 62866 | Vaults:2 | Identified the Almanac of Transformation
 62934 | Vaults:2 | Learned a level 5 spell: Blade Hands
 63137 | Vaults:3 | Received a gift from Okawaru
 63547 | Vaults:3 | Found Wavesoxi's Antique Weapon Boutique.
 63896 | Vaults:3 | Found a staircase to the Crypt.
 64308 | Vaults:3 | Reached XP level 21. HP: 205/211 MP: 28/28
 64806 | Vaults:3 | Found Unaor's Antique Armour Boutique.
 65371 | Vaults:4 | Received a gift from Okawaru
 65629 | Vaults:4 | Received a gift from Okawaru
 65717 | Vaults:4 | Gained mutation: You can translocate small distances at will. [mutagenic meat]
 65720 | Vaults:4 | Lost mutation: Your body sometimes deteriorates upon taking damage. [potion of mutation]
 65720 | Vaults:4 | Lost mutation: You can translocate small distances at will. [potion of mutation]
 65720 | Vaults:4 | Lost mutation: You are resistant to electric shocks. (rElec) [potion of mutation]
 65720 | Vaults:4 | Lost mutation: You are robust. (+10% HP) [potion of mutation]
 65720 | Vaults:4 | Gained mutation: Your spells are a little harder to cast, but a little more powerful. [potion of mutation]
 65720 | Vaults:4 | Gained mutation: You are resistant to electric shocks. (rElec) [potion of mutation]
 65721 | Vaults:4 | Lost mutation: You are occasionally teleported next to monsters. [potion of mutation]
 65721 | Vaults:4 | Lost mutation: Your flesh is cold resistant. (rC+) [potion of mutation]
 65721 | Vaults:4 | Lost mutation: Your spells are a little harder to cast, but a little more powerful. [potion of mutation]
 65721 | Vaults:4 | Lost mutation: You are resistant to electric shocks. (rElec) [potion of mutation]
 65721 | Vaults:4 | Gained mutation: You do not regenerate when monsters are visible. [potion of mutation]
 65721 | Vaults:4 | Gained mutation: Your spells are a little harder to cast, but a little more powerful. [potion of mutation]
 65966 | Vaults:4 | Received a gift from Okawaru
 67328 | Vaults:4 | Received a gift from Okawaru
 67375 | Vaults:4 | Lost mutation: Your spells are a little harder to cast, but a little more powerful. [mutagenic meat]
 67377 | Vaults:4 | Lost mutation: You do not regenerate when monsters are visible. [mutagenic meat]
 67454 | Vaults:4 | Received a gift from Okawaru
 67656 | Vaults:4 | Received a gift from Okawaru
 67834 | Vaults:5 | Entered Level 5 of the Vaults
 67834 | Vaults:5 | Noticed an ancient lich
 68437 | Vaults:4 | Reached XP level 22. HP: 202/202 MP: 29/29
 68812 | Vaults:5 | HP: 10/203 [ancient lich/crystal spear (69)]
 68813 | Vaults:5 | Killed from afar by an ancient lich

Skill      XL: |  1  2  3  4  5  6  7  8  9 10 11 12 13 14 15 16 17 18 19 20 21 |
---------------+----------------------------------------------------------------+-----
Bows           | 6 7 8 9 11 12 14 16 17 19 21 22 24 25 26 27 | 27.0
Unarmed Combat | 1 2 3 4 5 6 7 8 10 11 12 13 14 15 16 17 18 | 18.4
Fighting       | 3 4 5 6 8 9 10 11 12 13 14 15 16 17 18 | 18.3
Invocations    | 1 2 3 5 6 7 9 10 | 10.0
Armour         | 4 7 9 10 12 14 15 16 | 16.9
Dodging        | |  1.3
Stealth        | |  0.4

Action                   |  1- 3 |  4- 6 |  7- 9 | 10-12 | 13-15 | 16-18 | 19-21 | 22-24 || total
-------------------------+-------+-------+-------+-------+-------+-------+-------+-------++-------
Melee: Unarmed           |   160 |   210 |   372 |   676 |  1512 |   311 |  1385 |    22 ||  4648
       Kick              |    35 |    38 |    77 |   163 |   371 |    73 |   428 |     7 ||  1192
       Punch             |     1 |       |    11 |    21 |    53 |    15 |    83 |     3 ||   187
 Fire: Shortbow          |     4 |    83 |   260 |   531 |       |       |       |       ||   878
       Longbow           |       |       |       |    23 |   680 |  1698 |  1398 |    89 ||  3888
Invok: Heroism           |       |       |     5 |    14 |    10 |    11 |     6 |       ||    46
       Finesse           |       |       |       |     5 |     2 |     7 |     6 |     2 ||    22
 Abil: Evoke Flight      |       |       |       |     1 |     1 |       |       |       ||     2
  Use: Scroll            |       |       |    11 |    13 |    12 |    18 |     5 |     3 ||    62
       Potion            |       |       |       |       |     2 |     5 |     9 |     4 ||    20
  Eat: Chunk             |     4 |     9 |    18 |    33 |    50 |    37 |    40 |     1 ||   192
       Fruit             |       |       |       |     2 |     4 |       |       |       ||     6
Armor: Leather armour    |    36 |    66 |   148 |   148 |    98 |       |       |       ||   496
       Troll leather arm |       |       |       |   215 |       |       |       |       ||   215
       Robe              |       |       |       |       |   193 |       |       |       ||   193
       Chain mail        |       |       |       |       |   347 |       |       |       ||   347
       Plate armour      |       |       |       |       |   345 |  1368 |  1840 |    47 ||  3600
Dodge: Dodged            |    49 |    99 |   205 |   338 |   423 |   170 |   244 |     3 ||  1531
Block: Other             |       |       |       |    31 |   107 |   145 |   195 |     5 ||   483
       Reflection        |       |       |       |       |    11 |    21 |    21 |     1 ||    54
